 Dungeon Crawl Stone Soup version 0.21.1 (webtiles) character file.

217 Mgcat the Grave Robber (level 5, -22/35 HPs)
             Began as a Mummy Necromancer on Feb 5, 2018.
             Killed from afar by an orc (55 damage)
             ... with an exploding inner flame
             ... hexed by the player character
             ... on level 4 of the Dungeon.
             The game lasted 00:11:49 (2972 turns).

Mgcat the Grave Robber (Mummy Necromancer)          Turns: 2972, Time: 00:11:50

Health: -22/35     AC:  2    Str: 11    XL:     5   Next: 61%
Magic:  17/21      EV: 14    Int: 16    God:
Gold:   245        SH:  0    Dex: 12    Spells: 0/14 levels left

rFire    x . .     SeeInvis .   c - +0 dagger
rCold    + . .     Gourm    .   (no shield)
rNeg     + + +     Faith    .   a - +0 robe
rPois    ∞         Spirit   .   (no helmet)
rElec    .         Reflect  .   (no cloak)
rCorr    .         Harm     .   (no gloves)
MR       .....                  (no boots)
Stlth    ++........             (no amulet)
HPRegen  0.11/turn              i - ring of magical power {MP+9}
MPRegen  0.17/turn              j - +2 ring of evasion

@: very slightly contaminated
A: no food or potions, fire vulnerability, cold resistance 1, negative energy
resistance 3, torment resistance, unbreathing
a: no special abilities


You were on level 4 of the Dungeon.
You were not hungry.

You visited 1 branch of the dungeon, and saw 4 of its levels.

You collected 245 gold pieces.

Inventory:

Hand Weapons
 c - a +0 dagger (weapon)
   (You found it on level 1 of the Dungeon)
Missiles
 e - 29 poisoned needles
Armour
 a - a +0 robe (worn)
Jewellery
 i - a ring of magical power (left hand) {MP+9}
   (You found it on level 2 of the Dungeon)
 j - a +2 ring of evasion (right hand)
   (You found it on level 1 of the Dungeon)
Scrolls
 f - a scroll of immolation {!r}
 g - 4 scrolls of teleportation
 h - 2 scrolls of amnesia {unknown}
 k - 2 scrolls of random uselessness
 m - a scroll of fear
 n - a scroll of identify
 p - a scroll of remove curse
Books
 b - a book of Necromancy


   Skills:
 - Level 1.5 Dodging
 - Level 1.5 Stealth
 + Level 5.4 Spellcasting
 + Level 5.6 Necromancy


You couldn't memorise any spells.
You knew the following spells:

 Your Spells              Type           Power        Failure   Level  Hunger
a - Pain                  Necr           ###.         1%          1    N/A
b - Animate Skeleton      Necr           N/A          1%          1    N/A
c - Vampiric Draining     Necr           ###.......   4%          3    N/A
d - Animate Dead          Necr           N/A          14%         4    N/A
e - Borgnjor's Vile Clut  Necr/Erth      ##........   77%         5    N/A

Dungeon Overview and Level Annotations

Branches:
Dungeon (4/15)
 Temple: D:4-7

Altars:
Ashenzari
Fedhas

Annotations:
D:2 exclusion: Sigmund, Sigmund


Innate Abilities, Weirdness & Mutations

You do not eat or drink.
Your flesh is vulnerable to fire.
You are immune to poison.
Your flesh is cold resistant. (rC+)
You are immune to negative energy. (rN+++)
You are immune to unholy pain and torment.
You can survive without breathing.


Message History

Where to? (Enter - D:2 @ (x,y), ? - help)
What level of the Dungeon? (default 1, ? - help)
There is a stone staircase leading down here.
You climb downwards.
You hear the hiss of flowing sand.
There is an entrance to an ossuary on this level.
Hurry and find it before the portal is buried!
You hear the sound of rushing water.
There is an entrance to a sewer on this level.
Hurry and find it before the portal rusts away!
There is a stone staircase leading up here.
Search for what [? for help]? ego Unknown command.
Unknown command.
Search for what [Enter for "ego", or ? for help]? artefact Can't find anything matching that.
Unknown command.
Unknown command.
As you read the scroll labeled DYURGH KAMOCAJEXAUFF, it crumbles to dust.
You hear a loud clanging noise!
It was a scroll of noise.
You hear a shout!
You hear a howl!
You hear a bark!
As you read the scroll labeled GIVERA ZUOSUEM, it crumbles to dust.
You feel strangely unstable.
It was a scroll of teleportation.
Okay, then.
You climb upwards.
There is a stone staircase leading down here.
Your surroundings suddenly seem different.
There is a stone staircase leading down here.
You climb downwards.
You hear the hiss of flowing sand.
There is an entrance to an ossuary on this level.
Hurry and find it before the portal is buried!
You hear the sound of rushing water.
There is an entrance to a sewer on this level.
Hurry and find it before the portal rusts away!
An orc comes into view. It is wielding a short sword.
There is a stone staircase leading up here.
Unknown command.
Unknown command.
As you read the scroll labeled JOAQEINITT, it crumbles to dust.
It is a scroll of identify.
k - 2 scrolls of random uselessness An ooze comes into view.
Blink to where?
Press: ? - help, Dir - move target cursor You are very lightly contaminated with residual magic.
As you read the scroll labeled OTATTU RIN IKA, it crumbles to dust.
It was a scroll of blinking.
An orc comes into view. It is wielding a falchion.
The orc misses you.
The orc moves out of view.
Casting: Animate Skeleton
Confirm with . or Enter, or press ? or * to list all spells.
Aiming: Pain
Press: ? - help, Shift-Dir - straight line, f - orc
Aim: an orc, wielding a short sword (chance to defeat MR: 91%)
The orc writhes in agony!
The orc hits you with a short sword.
Casting: Pain
Confirm with . or Enter, or press ? or * to list all spells.
Aiming: Pain
Press: ? - help, Shift-Dir - straight line, f/p - orc
Aim: an orc, wielding a short sword (lightly wounded, chance to defeat MR: 91%)
The orc writhes in agony!
You kill the orc!
Casting: Pain
Confirm with . or Enter, or press ? or * to list all spells.
You can't see any susceptible monsters within range! (Use Z to cast anyway.)
As you read the scroll labeled QYOLUZIASM, it crumbles to dust.
You feel blessed for a moment.
It was a scroll of remove curse.
As you read the scroll labeled TUJUSY KILYKOURPH, it crumbles to dust.
You assume a fearsome visage.
Nothing appears to happen.
It was a scroll of fear.
Unknown command.
As you read the scroll labeled UTSOCAY SOCIP, it crumbles to dust.
The creatures around you are filled with an inner flame!
It was a scroll of immolation.
As you read the scroll labeled VAWED YDAA, it crumbles to dust.
You feel aware of your surroundings.
You sensed 2 shops/portals.
It was a scroll of magic mapping.
Casting: Pain
Confirm with . or Enter, or press ? or * to list all spells.
Aiming: Pain
Press: ? - help, Shift-Dir - straight line, f - orc
Aim: an orc, wielding a falchion and wearing a leather armour (inner flame, chance to defeat MR: 91%)
The orc barely resists.
Casting: Pain
Confirm with . or Enter, or press ? or * to list all spells.
Aiming: Pain
Press: ? - help, Shift-Dir - straight line, f/p - orc
Aim: an orc, wielding a falchion and wearing a leather armour (inner flame, chance to defeat MR: 91%)
The orc writhes in agony!
You hear the slow hiss of an avalanche of sand nearby.
You hear the slow rusting of a very distant drain.
The orc hits you but does no damage.
Casting: Pain
Confirm with . or Enter, or press ? or * to list all spells.
Aiming: Pain
Press: ? - help, Shift-Dir - straight line, f/p - orc
Aim: an orc, wielding a falchion and wearing a leather armour (heavily wounded, inner flame, chance to defeat MR: 91%)
The orc writhes in agony!
The orc explodes!
The fiery explosion engulfs you! The fire burns you terribly!
Ouch! That really hurt!
You die...

*,* *,,,,**,*
****###*,###****,,,,**,*
*,,,,...,#.?,,,+,,,,**,*
*,,,,,..,#.#**,#,,,,**,**
*,,,,,,..#.###..,,,,,,,,,
****#,,,,,,,.#.....****,**,*,
*,,,...,,,,,,....,,,,,,,,*,*,
****,,,.....#####.###,,,,*,,,,,,
*,,+,,,......§§@.<..+,,,,+,,,,,,
*,**,,,.....#######.#,,,,*,**,,,
*,,,,,,...,,* *,#,,,,*,**,,,
*,,,,,,.,,,,* *,*,,,,,,,,,,,
*,,,,******** *,,,,,,,,,,,,,
*,**** ********,*,*******,*,
*,**********,,,,,,,,,,,* *,*,
*>,,,,,,,,,,,,,,,,,,,,,* *,,,
*,**********,,,,*+*,,,,* *,**


There were no monsters in sight!

Vanquished Creatures
  An orc wizard (D:3)
  3 gnolls (D:3)
  6 adders
  2 worms (D:3)
  A dart slug (D:3)
  3 leopard geckos
  9 orcs
  6 hobgoblins
  2 ball pythons
  5 bats
  6 goblins
  5 kobolds
  10 rats
59 creatures vanquished.

Vanquished Creatures (collateral kills)
  An orc priest (D:3)
  An ooze (D:1)
  An orc (D:3)
  A bat (D:3)
  A kobold (D:2)
5 creatures vanquished.

Grand Total: 64 creatures vanquished

Notes
Turn   | Place    | Note
-------+----------+-------------------------------------------
     0 | D:1      | Mgcat the Mummy Necromancer began the quest for the Orb.
     0 | D:1      | Reached XP level 1. HP: 13/13 MP: 4/4
    60 | D:1      | Learned a level 1 spell: Animate Skeleton
   156 | D:1      | Reached skill level 3 in Spellcasting
   374 | D:1      | Reached XP level 2. HP: 18/19 MP: 3/6
   662 | D:1      | You fall through a shaft!
  1123 | D:2      | Reached XP level 3. HP: 24/24 MP: 8/8
  1537 | D:2      | Noticed Sigmund
  1613 | D:2      | Found a blossoming altar of Fedhas.
  1757 | D:2      | Reached skill level 4 in Spellcasting
  2218 | D:3      | Reached XP level 4. HP: 30/30 MP: 10/10
  2229 | D:3      | Learned a level 3 spell: Vampiric Draining
  2275 | D:3      | Reached skill level 5 in Necromancy
  2407 | D:3      | Reached XP level 5. HP: 32/35 MP: 12/12
  2410 | D:3      | Reached skill level 5 in Spellcasting
  2419 | D:3      | Learned a level 4 spell: Animate Dead
  2425 | D:3      | Learned a level 5 spell: Borgnjor's Vile Clutch
  2825 | D:3      | Found a faded altar of an unknown god.
  2895 | D:3      | Found a shattered altar of Ashenzari.
  2972 | D:4      | Killed from afar by an orc

Skill      XL: |  1  2  3  4  5 |
---------------+----------------+-----
Spellcasting   | 3 4 5 |  5.4
Necromancy     | 5 |  5.6
Dodging        | |  1.5
Stealth        | |  1.5

Action                   |  1- 3 |  4- 6 || total
-------------------------+-------+-------++-------
Melee: Dagger            |     7 |       ||     7
 Cast: Pain              |    79 |    83 ||   162
       Animate Skeleton  |     7 |     2 ||     9
       Animate Dead      |       |     2 ||     2
  Use: Scroll            |       |     8 ||     8
Armor: Robe              |     6 |     2 ||     8
Dodge: Dodged            |    33 |    17 ||    50

Vault maps used:
D:1:      minmay_arrival_four_loops
D:2:      lemuel_crystal_altar, uniq_sigmund
D:3:      cheibrodos_ashenzari_chains, chequers_ecumenical_altar_simple,
          solitary_fountain
D:4:      first_ration, nicolae_ossuary_entry_plus, gup_sewer_entry_pipe

Table legend:
 A = Turns spent in this place as a percentage of turns spent in the entire game.
 B = Non-inter-level travel turns spent in this place as a percentage of non-inter-level travel turns spent in the entire game.
 C = Inter-level travel turns spent in this place as a percentage of turns spent in this place.
 D = Turns resting spent in this place as a percentage of non-inter-level travel turns spent in this place.
 E = Turns spent auto-exploring this place as a percentage of non-inter-level travel turns spent in this place.
 F = Non-inter-level travel turns spent in this place divided by the number of levels of this place that you've seen.
                   A       B       C       D       E      F
               +-------+-------+-------+-------+-------+----------------------
         Total | 100.0 | 100.0 |   7.1 |   1.1 |  80.0 | 690.0
       Dungeon | 100.0 | 100.0 |   7.1 |   1.1 |  80.0 | 690.0
               +-------+-------+-------+-------+-------+----------------------

Table legend:
 A = Kills in this place as a percentage of kills in entire the game.
 B = Kills by you in this place as a percentage of kills by you in the entire game.
 C = Kills by friends in this place as a percentage of kills by friends in the entire game.
 D = Other kills in this place as a percentage of other kills in the entire game.
 E = Experience gained in this place as a percentage of experience gained in the entire game.
 F = Experience gained in this place divided by the number of levels of this place that you have seen.
                   A       B       C       D       E      F
               +-------+-------+-------+-------+-------+----------------------
         Total | 100.0 | 100.0 | 100.0 |   N/A | 100.0 |  77.5
       Dungeon | 100.0 | 100.0 | 100.0 |   N/A | 100.0 |  77.5
               +-------+-------+-------+-------+-------+----------------------
